 Dungeon Crawl Stone Soup version 0.28.0-49-g6dfe1f597d (webtiles) character file.

Game seed: 3019712293848105475

6423 pkoi the Insei (level 10, -2/81 HPs)
             Began as a Demigod Gladiator on May 11, 2022.
             Slain by a wolf (4 damage)
             ... on level 1 of the Lair of Beasts.
             The game lasted 00:27:15 (14320 turns).

pkoi the Insei (Demigod Gladiator)                 Turns: 14320, Time: 00:27:16

Health: -2/81      AC: 20    Str: 15    XL:     10   Next: 40%
Magic:  0/21       EV: 10    Int: 22    God:
Gold:   432        SH:  0    Dex: 13    Spells: 3/18 levels left

rFire   + . .      SeeInvis +   u - +0 short sword (venom)
rCold   . . .      Faith    .   (no shield)
rNeg    . . .      Spirit   +   z - +7 scale mail of Beyond {rPois rF+ Dex-2 Stlth+}
rPois   +          Reflect  .   t - +2 helmet
rElec   .          Harm     .   (no cloak)
rCorr   .          Rampage  .   n - +0 pair of gloves
Will    ++...                   p - +0 pair of boots
Stlth   +.........              j - amulet of guardian spirit
HPRegen 0.23/turn               i - ring of willpower
MPRegen 0.17/turn               a - ring of see invisible

@: mighty, marked
A: high MP 1, forlorn, divine attributes
a: no special abilities


You were on level 1 of the Lair of Beasts.
You visited 3 branches of the dungeon, and saw 12 of its levels.
You also visited: Bailey.

You collected 432 gold pieces.

Inventory:

Hand Weapons
 d - a +3 halberd
 g - a +4 dagger
 k - a +2 short sword of electrocution
 q - a +3 short sword of speed
 u - a +0 short sword of venom (weapon)
Armour
 n - a +0 pair of gloves (worn)
 o - the +4 ring mail of the Devil {rElec rCorr Str+3}
   (You found it on level 3 of the Dungeon)

   Str:       It affects your strength (+3).
   rElec:     It insulates you from electricity.
   rCorr:     It protects you from acid and corrosion.
 p - a +0 pair of boots (worn)
 t - a +2 helmet (worn)
 z - the +7 scale mail of Beyond (worn) {rPois rF+ Dex-2 Stlth+}
   (You found it on level 9 of the Dungeon)

   Dex:       It affects your dexterity (-2).
   rF:        It protects you from fire.
   rPois:     It protects you from poison.
   Stlth:     It makes you more stealthy.
Jewellery
 a - a ring of see invisible (right hand)
 i - a ring of willpower (left hand)
 j - an amulet of guardian spirit (around neck)
Wands
 w - a wand of flame (4)
Scrolls
 b - 3 scrolls of identify
 l - 2 scrolls of enchant armour
 v - 2 scrolls of silence
 y - a scroll of magic mapping
Potions
 f - a potion of flight
 m - 2 potions of mutation
 r - a potion of brilliance
 s - a potion of resistance


   Skills:
 - Level 5.1 Fighting
 - Level 1.7 Throwing
 + Level 7.3 Armour
 - Level 3.6 Dodging
 * Level 7.3 Unarmed Combat
 - Level 4.9 Spellcasting
 - Level 5.4 Hexes
 - Level 3.6 Translocations
 - Level 2.0 Transmutations
 + Level 1.7 Fire Magic
 + Level 1.7 Poison Magic


You had 3 spell levels left.
You knew the following spells:

 Your Spells              Type           Power      Damage    Failure   Level
a - Tukima's Dance        Hex            29%        N/A       11%         3
b - Passage of Golubria   Tloc           21%        N/A       58%         4
c - Yara's Violent Unrav  Hex/Tmut       11%        3d6       89%         5
d - Ignite Poison         Fire/Tmut/Pois 13%        N/A       43%         3

Your spell library contained the following spells:

 Spells                   Type           Power      Damage    Failure   Level
 Conjure Flame            Conj/Fire      9%         6-21      56%         3
 Sticky Flame             Conj/Fire      9%         2d3       93%         4
 Freezing Cloud           Conj/Ice/Air   2%         6-21      100%        5
 Simulacrum               Ice/Necr       2%         N/A       100%        6
 Polar Vortex             Ice            2%         N/A       100%        9


Dungeon Overview and Level Annotations

Branches:
Dungeon (9/15)             Temple (1/1) D:5            Lair (2/6) D:8
 Bailey (visited)
  Swamp: Lair:2-4    Shoals: Lair:2-4     Snake: Lair:2-4    Spider: Lair:2-4
    Orc: D:9-12

Annotations:
D:3 Grinder
Lair:2 Harold


Innate Abilities, Weirdness & Mutations

You have an increased reservoir of magic. (+10% MP)
You shall have no god before yourself.
Your divine heritage dramatically boosts your attributes as you level up.


Message History

You feel much better. The wolf closely misses you.
The water moccasin bites you but does no damage.
The vampire mosquito bites you.
* * * LOW HITPOINT WARNING * * *
The vampire mosquito draws strength from your injuries!
The wolf closely misses you. x2; The wolf bites you but does no damage.
The komodo dragon bites you!
* * * LOW HITPOINT WARNING * * *
The bullfrog barely misses you. The wolf bites you but does no damage.
A death yak comes into view.
The wolf bites you but does no damage. The vampire mosquito bites you.
* * * LOW HITPOINT WARNING * * *
The vampire mosquito draws strength from your injuries!
The water moccasin bites you.
* * * LOW HITPOINT WARNING * * *
Okay, then.
Okay, then.
Throw: throwing net
Press: ? - help, Q - select action, (/) - cycle Shift-Dir - straight line, f - vampire mosquito
Aim: a vampire mosquito (40% to hit)
You throw a throwing net.
The throwing net barely misses the vampire mosquito.
Your surroundings seem slightly different.
A death yak comes into view.
A death yak comes into view.
There is a stone staircase leading up here.
The wolf closely misses you.
The vampire mosquito bites you but does no damage.
The wolf bites you but does no damage.
The vampire mosquito bites you but does no damage.
Harold pauses a moment, imagining something with a smile on his face.
You climb upwards.
There is a stone staircase leading down here.
Unknown command.
Okay, then.
Okay, then.
Unknown command.
You feel very mighty all of a sudden. The vampire mosquito misses you.
The wolf bites you.
You die...

##...............##.............#
##...........##..........P...#..
##...............................
#...#....................##......
...##.#...........##..##.##P...#.
.######..#....#....#..##.......#.
.# #..#...#...............#.#. ##
##..#..###..y....#.#......## #
#......###.@....##.##.......
#...#.##.#.h.....#.#........ #
##...####.........##...###.. #
#.#..###..[........#...# ### ##
####..........#......#.# .##
##.....##...#......## ..##
#...#####.........## #..##
##...######...#.....# ##..##
#.....#.# ##........##


You could see a vampire mosquito and a wolf.

Vanquished Creatures
  2 cane toads (Lair:1)
  A rime drake (Lair:1)
  3 komodo dragons
  2 shadows
  A wyvern (D:7)
  A steam dragon (D:8)
  4 vampire mosquitoes (D:6)
  3 water moccasins
  A sky beast (D:7)
  A black bear (D:4)
  A necrophage (D:4)
  3 ogres
  A wolf (Lair:2)
  2 centaurs
  A phantom (D:6)
  6 bullfrogs
  2 kobold brigands (D:7)
  A water moccasin zombie (D:5)
  3 scorpions
  A howler monkey (D:5)
  A bullfrog zombie (D:4)
  3 centaur zombies
  7 orc priests
  3 hounds
  A jelly (D:6)
  A centaur skeleton (D:5)
  A bullfrog skeleton (D:5)
  Jessica (D:3)
  7 orc wizards
  Natasha (thrice) (D:2)
  3 iguanas
  A killer bee zombie (D:8)
  A howler monkey zombie (D:7)
  Robin (D:3)
  A gnoll (D:7)
  A howler monkey skeleton (D:6)
  7 adders
  A shadow imp (D:4)
  2 white imps
  2 ufetubi
  An adder skeleton (D:4)
  A worm (D:2)
  4 dart slugs
  16 orcs
  8 ball pythons
  5 bats
  7 endoplasms
  4 giant cockroaches
  6 hobgoblins
  A quokka (D:2)
  4 frilled lizards
  20 goblins
  9 kobolds
  2 rats
176 creatures vanquished.

Vanquished Creatures (collateral kills)
  Erica (D:8)
  A centaur (D:8)
  2 gnolls (D:7)
  3 orcs
  4 kobolds (D:7)
11 creatures vanquished.

Vanquished Creatures (others)
  4 dancing weapons
  4 fungi
  30 plants
38 creatures vanquished.

Grand Total: 225 creatures vanquished

Notes
Turn   | Place    | Note
-------+----------+-------------------------------------------
     0 | D:1      | pkoi the Demigod Gladiator began the quest for the Orb.
     0 | D:1      | Reached XP level 1. HP: 17/17 MP: 3/3
   553 | D:1      | Reached XP level 2. HP: 24/24 MP: 4/4
  1231 | D:2      | Reached skill level 1 in Armour
  1354 | D:2      | Noticed Natasha
  1363 | D:2      | Killed Natasha
  1364 | D:2      | Reached XP level 3. HP: 4/30 MP: 5/5
  1782 | D:2      | Noticed Natasha
  2118 | D:2      | Killed Natasha
  2119 | D:2      | Reached XP level 4. HP: 37/37 MP: 6/6
  2829 | D:2      | Noticed Natasha
  2840 | D:2      | Killed Natasha
  3273 | D:3      | Identified the +4 ring mail of the Devil {rElec rCorr
                  | Str+3}
  3304 | D:2      | Learned a level 3 spell: Tukima's Dance
  3405 | D:3      | Reached XP level 5. HP: 31/45 MP: 5/7
  3734 | D:3      | Noticed Robin
  3780 | D:3      | Noticed Jessica
  3837 | D:3      | Killed Robin
  3844 | D:3      | Reached skill level 1 in Hexes
  3862 | D:3      | Killed Jessica
  4099 | D:3      | Noticed Grinder
  4115 | D:3      | Reached XP level 6. HP: 34/51 MP: 7/10
  4392 | D:4      | Reached skill level 1 in Spellcasting
  4416 | D:4      | Learned a level 4 spell: Passage of Golubria
  4710 | D:4      | Reached skill level 1 in Translocations
  4710 | D:4      | Reached XP level 7. HP: 50/57 MP: 9/12
  4890 | D:5      | Entered Level 5 of the Dungeon
  5011 | D:5      | Found a staircase to the Ecumenical Temple.
  6547 | Temple   | Entered the Ecumenical Temple
  6914 | D:5      | Reached XP level 8. HP: 66/66 MP: 14/14
  7354 | D:6      | Reached skill level 5 in Armour
  7689 | D:6      | Reached skill level 5 in Unarmed Combat
  9036 | D:7      | Found a flagged portal.
  9052 | Bailey   | Entered a bailey
  9068 | D:7      | Reached XP level 9. HP: 47/73 MP: 13/17
  9239 | D:7      | Learned a level 5 spell: Yara's Violent Unravelling
  9475 | D:7      | Reached skill level 5 in Fighting
  9688 | D:7      | Reached skill level 1 in Transmutations
 10514 | D:8      | Noticed a komodo dragon
 10882 | D:8      | Noticed Erica
 10896 | D:8      | Killed Erica
 11404 | D:8      | Killed a komodo dragon
 11405 | D:8      | Reached skill level 5 in Hexes
 11594 | D:8      | Found a staircase to the Lair.
 11669 | D:9      | Identified the +7 scale mail of Beyond {rPois rF+ Dex-2
                  | Stlth+}
 11687 | D:9      | Noticed a six-headed hydra
 11769 | Lair:1   | Entered Level 1 of the Lair of Beasts
 11843 | Lair:1   | Noticed a rime drake
 11856 | Lair:1   | Killed a rime drake
 11857 | Lair:1   | Reached XP level 10. HP: 76/81 MP: 18/20
 12401 | D:8      | Learned a level 3 spell: Ignite Poison
 12699 | Lair:1   | Reached skill level 1 in Fire Magic
 12699 | Lair:1   | Reached skill level 1 in Poison Magic
 14276 | Lair:2   | Noticed Harold
 14312 | Lair:2   | Noticed a death yak
 14313 | Lair:2   | Noticed a death yak
 14313 | Lair:2   | HP: 4/81 [vampire mosquito (4)]
 14314 | Lair:2   | Noticed a death yak
 14314 | Lair:2   | HP: 1/81 [water moccasin (2)]
 14316 | Lair:2   | Noticed a death yak
 14317 | Lair:2   | Noticed a death yak
 14320 | Lair:1   | Slain by a wolf

Illustrated notes

Levels and vault maps discovered:
D:1:      mushboom_english_gardens, layout_loops_corners,
          ebering_ecumenical_altar_webs
D:2:      minmay_recursive_quarters, layout_basic, minivault_24, st_stairs_7,
          minmay_tiny_reverse_x, uniq_natasha
D:3:      layout_basic, uniq_robin, uniq_grinder, uniq_jessica
D:4:      layout_rooms, amcnicky_altar_gilded
D:5:      layout_rooms, minmay_temple_entry_junction_2
D:6:      layout_loops_ring, marbit_many_paths
D:7:      layout_cave_pools, enter_bailey_2, nrook_loot_triangle
D:8:      layout_rooms, david_lair_shrubbed, uniq_erica
D:9:      hangedman_cross_veins, layout_stronghold, st_stairs_2
Temple:   regret_index_temple_sphere_string
Lair:1:   layout_layer_cave
Lair:2:   layout_long_grid, minmay_swamp_entry_swarm, uniq_sonja, uniq_harold

Skill      XL: |  1  2  3  4  5  6  7  8  9 10 |
---------------+-------------------------------+-----
Fighting       | 2 3 4 5 |  5.1
Armour         | 1 2 3 4 5 6 7 |  7.3
Dodging        | 3 |  3.6
Unarmed Combat | 3 4 5 6 7 |  7.3
Hexes          | 1 2 3 5 |  5.4
Spellcasting   | 1 2 3 4 |  4.9
Translocations | 1 2 3 |  3.6
Transmutations | 1 2 |  2.0
Fire Magic     | 1 |  1.7
Poison Magic   | 1 |  1.7
Throwing       | |  1.7

Action                   |  1- 3 |  4- 6 |  7- 9 | 10-12 || total
-------------------------+-------+-------+-------+-------++-------
Melee: Rapier            |    49 |       |       |       ||    49
       Mace              |    12 |       |       |       ||    12
       Short sword       |    23 |   199 |   419 |    97 ||   738
       Punch             |     1 |     4 |    22 |     7 ||    34
       Unarmed           |       |       |     5 |    14 ||    19
Throw: Throwing net      |       |       |     3 |     4 ||     7
 Cast: Tukima's Dance    |       |       |    16 |       ||    16
       Ignite Poison     |       |       |       |     1 ||     1
Evoke: Wand              |       |       |     5 |     1 ||     6
  Use: Scroll            |       |     7 |    10 |     1 ||    18
       Potion            |       |     2 |     4 |     4 ||    10
 Stab: Held in net/web   |       |       |     1 |       ||     1
Armor: Leather armour    |    20 |       |       |       ||    20
       Chain mail        |     7 |    63 |       |       ||    70
       Ring mail         |       |    78 |   290 |       ||   368
       Scale mail        |       |       |     4 |    99 ||   103
Dodge: Dodged            |    55 |   106 |   372 |    97 ||   630
